TOP OF THE 1ST |
---|
Santa Monica Bruins batting - Pitching for Mexico City Cerveceros : RHP Wayne Walker | Pitching: RHP Wayne Walker | | Batting: LHB Michael Myers | 0-0: Fly out, F8 (Line Drive, 89D) | Batting: LHB Ramiro Martínez | 0-0: Ball 1-0: Ground out 4-3 (Groundball, 4) | Batting: RHB Jake Reeves | 0-0: Called Strike 0-1: Ball 1-1: Ball 2-1: SINGLE (Groundball, 6D) | Batting: RHB Carlos García | 0-0: SINGLE (Flyball, 56D) Jake Reeves to second | Batting: RHB Javier González | 0-0: Ball 1-0: Called Strike 1-1: Called Strike 1-2: Ball 2-2: Ball 3-2: Base on Balls Jake Reeves to third Carlos García to second | Batting: LHB Noriaki Sangi | 0-0: Ball 1-0: Called Strike 1-1: Ball 2-1: Ball 3-1: Base on Balls Jake Reeves scores Carlos García to third Javier González to second | Batting: RHB Luis Ríos | 0-0: Called Strike 0-1: Ball 1-1: Foul Ball, location: 2F 1-2: Ball 2-2: Strikes out looking | Top of the 1st over - 1 run, 2 hits, 0 errors, 3 left on base; Santa Monica 1 - Mexico City 0 | BOTTOM OF THE 1ST |
---|
Mexico City Cerveceros batting - Pitching for Santa Monica Bruins : RHP Mario Chávez | Pitching: RHP Mario Chávez | | Batting: RHB Murai Ishihara | 0-0: Ground out U3 (Groundball, 34S) | Batting: RHB Lee Price | 0-0: Foul Ball, location: 2F 0-1: Ball 1-1: Foul Ball, location: 2F 1-2: Strikes out swinging | Batting: LHB John Bond | 0-0: Ball 1-0: Ball 2-0: Called Strike 2-1: Ground out 1-3 (Groundball, P) | Bottom of the 1st over - 0 runs, 0 hits, 0 errors, 0 left on base; Santa Monica 1 - Mexico City 0 | TOP OF THE 2ND |
---|
Santa Monica Bruins batting - Pitching for Mexico City Cerveceros : RHP Wayne Walker | Batting: LHB Gonzalo Benítez | 0-0: Ball 1-0: Called Strike 1-1: Foul Ball, location: 2F 1-2: Foul Ball, location: 2F 1-2: Ball 2-2: Foul Ball, location: 2F 2-2: Foul Ball, location: 2F 2-2: DOUBLE (Flyball, 89D) | Batting: RHB John Nelson | 0-0: Called Strike 0-1: Swinging Strike 0-2: Ball 1-2: Foul Ball, location: 2F 1-2: Strikes out swinging | Batting: LHB Michael Myers | 0-0: Ball 1-0: Foul Ball, location: 2F 1-1: Ground out 6-3 (Groundball, 56) | Batting: LHB Ramiro Martínez | 0-0: Ball 1-0: Foul Ball, location: 2F 1-1: Called Strike 1-2: Ball 2-2: SINGLE (Line Drive, 6) Gonzalo Benítez to third Runner from 3rd tries for Home, SAFE, throw made home Ramiro Martínez to second | Batting: RHB Jake Reeves | 0-0: Foul Ball, location: 2F 0-1: Fly out, F8 (Flyball, 8LS) | Top of the 2nd over - 1 run, 2 hits, 0 errors, 1 left on base; Santa Monica 2 - Mexico City 0 | BOTTOM OF THE 2ND |
---|
Mexico City Cerveceros batting - Pitching for Santa Monica Bruins : RHP Mario Chávez | Batting: RHB Henning Huisman | 0-0: Swinging Strike 0-1: SOLO HOME RUN (Flyball, 7D), Distance : 350 ft | Batting: LHB John Nicholson | 0-0: Swinging Strike 0-1: Swinging Strike 0-2: Ball 1-2: Foul Ball, location: 2F 1-2: Strikes out swinging | Batting: RHB Robinson Pacheco | 0-0: Called Strike 0-1: Ball 1-1: Foul Ball, location: 2F 1-2: SINGLE (Line Drive, 9S) | Batting: LHB Juan García | 0-0: Swinging Strike 0-1: Called Strike 0-2: Ball 1-2: Foul Ball, location: 2F 1-2: Strikes out swinging | Batting: LHB Gary Kern | 0-0: Ball 1-0: Ball 2-0: Called Strike 2-1: Ball 3-1: Base on Balls Robinson Pacheco to second | Batting: LHB Javier Martínez | 0-0: Ball 1-0: Called Strike 1-1: Ground out U3 (Groundball, 3) | Bottom of the 2nd over - 1 run, 2 hits, 0 errors, 2 left on base; Santa Monica 2 - Mexico City 1 | TOP OF THE 3RD |
---|
Santa Monica Bruins batting - Pitching for Mexico City Cerveceros : RHP Wayne Walker | Batting: RHB Carlos García | 0-0: Ball 1-0: Ball 2-0: Foul Ball, location: 2F 2-1: Called Strike 2-2: Ground out U3 (Groundball, 3) | Batting: RHB Javier González | 0-0: Ball 1-0: Called Strike 1-1: Ball 2-1: Ball 3-1: DOUBLE (Line Drive, 78D) | Batting: LHB Noriaki Sangi | 0-0: Called Strike 0-1: Ball 1-1: Foul Ball, location: 2F 1-2: Ball 2-2: Ball 3-2: Base on Balls | Batting: RHB Luis Ríos | 0-0: DOUBLE (Groundball, 5L) Javier González scores Noriaki Sangi to third | Batting: LHB Gonzalo Benítez | 0-0: Ground out 4-3 (Groundball, 4) Noriaki Sangi scores Luis Ríos to third | Batting: RHB John Nelson | 0-0: Ball 1-0: Ball 2-0: Ball 3-0: Base on Balls | Batting: LHB Michael Myers | 0-0: Called Strike 0-1: SINGLE (Groundball, 34) (infield hit) Luis Ríos scores John Nelson to second | Batting: LHB Ramiro Martínez | 0-0: Ball 1-0: Foul Ball, location: 2F 1-1: Ball 2-1: SINGLE (Groundball, 4MD) John Nelson to third Michael Myers to second Runner from 3rd tries for Home, SAFE, throw made home | Batting: RHB Jake Reeves | 0-0: Fly out, F8 (Flyball, 8LD) | Top of the 3rd over - 4 runs, 4 hits, 0 errors, 2 left on base; Santa Monica 6 - Mexico City 1 | BOTTOM OF THE 3RD |
---|
Mexico City Cerveceros batting - Pitching for Santa Monica Bruins : RHP Mario Chávez | Batting: RHB Murai Ishihara | 0-0: Foul Ball, location: 2F 0-1: Ball 1-1: Called Strike 1-2: Foul Ball, location: 2F 1-2: Hit by Pitch | Batting: RHB Lee Price | 0-0: Called Strike 0-1: Fly out, F7 (Flyball, 78S) | Batting: LHB John Bond | 0-0: Ball 1-0: Called Strike 1-1: Fly out, F7 (Flyball, 7) | Batting: RHB Henning Huisman | 0-0: Ball 1-0: Ground out 5-3 (Groundball, 56) | Bottom of the 3rd over - 0 runs, 0 hits, 0 errors, 1 left on base; Santa Monica 6 - Mexico City 1 | TOP OF THE 4TH |
---|
Santa Monica Bruins batting - Pitching for Mexico City Cerveceros : RHP Wayne Walker | Batting: RHB Carlos García | 0-0: Called Strike 0-1: Ball 1-1: Swinging Strike 1-2: Foul Ball, location: 2F 1-2: Ball 2-2: Foul Ball, location: 2F 2-2: Ball 3-2: Base on Balls | Pitching: RHP Jonathan Long | | Batting: RHB Javier González | 0-0: Ball 1-0: Ball 2-0: Foul Ball, location: 2F 2-1: Ball 3-1: Grounds into double play, 6-4-3 (Groundball, 6) | Batting: LHB Noriaki Sangi | 0-0: Called Strike 0-1: Foul Ball, location: 2F 0-2: Foul Ball, location: 2F 0-2: Ball 1-2: Ball 2-2: Ball 3-2: Base on Balls | Batting: RHB Luis Ríos | 0-0: Fly out, F9 (Flyball, 9S) | Top of the 4th over - 0 runs, 0 hits, 0 errors, 1 left on base; Santa Monica 6 - Mexico City 1 | BOTTOM OF THE 4TH |
---|
Mexico City Cerveceros batting - Pitching for Santa Monica Bruins : RHP Mario Chávez | Batting: LHB John Nicholson | 0-0: Foul Ball, location: 2F 0-1: Ball 1-1: Ball 2-1: Ball 3-1: Foul Ball, location: 2F 3-2: SINGLE (Flyball, 34D) | Batting: RHB Robinson Pacheco | 0-0: Fly out, F3 (Line Drive, 3S) Lined into DP, U3 (Line Drive, 3S) | Batting: LHB Juan García | 0-0: Foul Ball, location: 2F 0-1: Ball 1-1: SOLO HOME RUN (Flyball, 9D), Distance : 350 ft | Batting: LHB Gary Kern | 0-0: Called Strike 0-1: Called Strike 0-2: Ground out 3-1 (Groundball, 34) | Bottom of the 4th over - 1 run, 2 hits, 0 errors, 0 left on base; Santa Monica 6 - Mexico City 2 | TOP OF THE 5TH |
---|
Santa Monica Bruins batting - Pitching for Mexico City Cerveceros : RHP Jonathan Long | Batting: LHB Gonzalo Benítez | 0-0: Called Strike 0-1: Ball 1-1: Fly out, F6 (Popup, 56D) | Batting: RHB John Nelson | 0-0: Ball 1-0: Ball 2-0: Called Strike 2-1: Swinging Strike 2-2: Strikes out swinging | Batting: LHB Michael Myers | 0-0: Fly out, F7 (Flyball, 78M) | Top of the 5th over - 0 runs, 0 hits, 0 errors, 0 left on base; Santa Monica 6 - Mexico City 2 | BOTTOM OF THE 5TH |
---|
Mexico City Cerveceros batting - Pitching for Santa Monica Bruins : RHP Mario Chávez | Batting: LHB Javier Martínez | 0-0: Ball 1-0: Ground out 4-3 (Groundball, 4) | Batting: RHB Murai Ishihara | 0-0: Ground out 6-3 (Groundball, 6S) | Batting: RHB Lee Price | 0-0: Ball 1-0: Foul Ball, location: 2F 1-1: Ball 2-1: Foul Ball, location: 2F 2-2: Strikes out swinging | Bottom of the 5th over - 0 runs, 0 hits, 0 errors, 0 left on base; Santa Monica 6 - Mexico City 2 | TOP OF THE 6TH |
---|
Santa Monica Bruins batting - Pitching for Mexico City Cerveceros : RHP Jonathan Long | Batting: LHB Ramiro Martínez | 0-0: Foul Ball, location: 2F 0-1: Foul Ball, location: 2F 0-2: Ground out 6-3 (Groundball, 6S) | Batting: RHB Jake Reeves | 0-0: Called Strike 0-1: Ball 1-1: Foul Ball, location: 2F 1-2: Foul Ball, location: 2F 1-2: Ball 2-2: Foul Ball, location: 2F 2-2: Foul Ball, location: 2F 2-2: Ball 3-2: Base on Balls | Batting: RHB Carlos García | 0-0: Ball 1-0: Ball 2-0: Ball Wild Pitch! Jake Reeves to second 3-0: Called Strike 3-1: SINGLE (Flyball, 9LM) Jake Reeves to third Runner from 3rd tries for Home, SAFE, throw made home | Batting: RHB Javier González | 0-0: Ball 1-0: SINGLE (Flyball, 78S) Carlos García to second | Batting: LHB Noriaki Sangi | 0-0: Ball 1-0: Ball 2-0: Ball 3-0: Called Strike 3-1: Foul Ball, location: 2F 3-2: Base on Balls Carlos García to third Javier González to second | Pitching: RHP Tex Perkins | | Batting: RHB Luis Ríos | 0-0: Ball 1-0: Foul Ball, location: 2F 1-1: Foul Ball, location: 2F 1-2: Foul Ball, location: 2F 1-2: Ball 2-2: Ball 3-2: Grounds into double play, 5-2-3 (Groundball, 5S) | Top of the 6th over - 1 run, 2 hits, 0 errors, 2 left on base; Santa Monica 7 - Mexico City 2 | BOTTOM OF THE 6TH |
---|
Mexico City Cerveceros batting - Pitching for Santa Monica Bruins : RHP Mario Chávez | Batting: LHB John Bond | 0-0: Called Strike 0-1: Ball 1-1: Ball 2-1: Swinging Strike 2-2: Strikes out swinging | Batting: RHB Henning Huisman | 0-0: Ball 1-0: Ball 2-0: Ball 3-0: Called Strike 3-1: Foul Ball, location: 2F 3-2: Strikes out swinging | Batting: LHB John Nicholson | 0-0: Ball 1-0: Fly out, F7 (Line Drive, 7LM) | Bottom of the 6th over - 0 runs, 0 hits, 0 errors, 0 left on base; Santa Monica 7 - Mexico City 2 | TOP OF THE 7TH |
---|
Santa Monica Bruins batting - Pitching for Mexico City Cerveceros : RHP Tex Perkins | Batting: LHB Gonzalo Benítez | 0-0: Ball 1-0: Ball 2-0: Fly out, F7 (Line Drive, 7) | Batting: RHB John Nelson | 0-0: Ball 1-0: Ball 2-0: Ball 3-0: Called Strike 3-1: Called Strike 3-2: Fly out, F4 (Popup, 4) | Batting: LHB Michael Myers | 0-0: Swinging Strike 0-1: Ball 1-1: Called Strike 1-2: Foul Ball, location: 2F 1-2: Foul Ball, location: 2F 1-2: Ball 2-2: Ball 3-2: Strikes out swinging | Top of the 7th over - 0 runs, 0 hits, 0 errors, 0 left on base; Santa Monica 7 - Mexico City 2 | BOTTOM OF THE 7TH |
---|
Mexico City Cerveceros batting - Pitching for Santa Monica Bruins : RHP Mario Chávez | Batting: RHB Robinson Pacheco | 0-0: Foul Ball, location: 2F 0-1: SINGLE (Groundball, 6MD) | Batting: LHB Juan García | 0-0: Called Strike 0-1: Ball 1-1: Ball 2-1: Ball 3-1: Ground out 3-1 (Groundball, 34) Robinson Pacheco to second | Batting: LHB Gary Kern | 0-0: Ball 1-0: Ball 2-0: Called Strike 2-1: Swinging Strike 2-2: Strikes out swinging | Batting: LHB Javier Martínez | 0-0: Ball 1-0: Ball 2-0: Ball 3-0: Base on Balls | Batting: RHB Murai Ishihara | 0-0: Ball 1-0: Foul Ball, location: 2F 1-1: Called Strike 1-2: Ball 2-2: Fly out, F9 (Flyball, 9S) | Bottom of the 7th over - 0 runs, 1 hit, 0 errors, 2 left on base; Santa Monica 7 - Mexico City 2 | TOP OF THE 8TH |
---|
Santa Monica Bruins batting - Pitching for Mexico City Cerveceros : RHP Tex Perkins | Batting: LHB Ramiro Martínez | 0-0: Ball 1-0: Swinging Strike 1-1: Called Strike 1-2: Strikes out looking | Batting: RHB Jake Reeves | 0-0: Foul Ball, location: 2F 0-1: Foul Ball, location: 2F 0-2: Ball 1-2: Ball 2-2: Strikes out swinging | Batting: RHB Carlos García | 0-0: Ball 1-0: Ball 2-0: Ball 3-0: Called Strike 3-1: Foul Ball, location: 2F 3-2: Base on Balls | Batting: RHB Javier González | 0-0: Ball 1-0: Ball 2-0: Called Strike 2-1: Foul Ball, location: 2F 2-2: Strikes out looking | Top of the 8th over - 0 runs, 0 hits, 0 errors, 1 left on base; Santa Monica 7 - Mexico City 2 | BOTTOM OF THE 8TH |
---|
Mexico City Cerveceros batting - Pitching for Santa Monica Bruins : RHP Mario Chávez | Now at SS: Eugenio Lucero | | Batting: RHB Lee Price | 0-0: Fly out, F8 (Flyball, 8LS) | Batting: LHB John Bond | 0-0: Called Strike 0-1: Ball 1-1: Called Strike 1-2: SOLO HOME RUN (Flyball, 9LD), Distance : 322 ft | Batting: RHB Henning Huisman | 0-0: Ground out 5-3 (Groundball, 56S) | Batting: LHB John Nicholson | 0-0: Called Strike 0-1: Called Strike 0-2: Strikes out looking | Bottom of the 8th over - 1 run, 1 hit, 0 errors, 0 left on base; Santa Monica 7 - Mexico City 3 | TOP OF THE 9TH |
---|
Santa Monica Bruins batting - Pitching for Mexico City Cerveceros : RHP Tex Perkins | Batting: LHB Noriaki Sangi | 0-0: Called Strike 0-1: Ball 1-1: Foul Ball, location: 2F 1-2: Ball 2-2: Ball 3-2: Foul Ball, location: 2F 3-2: Ground out 1-3 (Groundball, 13) | Batting: RHB Luis Ríos | 0-0: Called Strike 0-1: Ball 1-1: Swinging Strike 1-2: Ball 2-2: Strikes out swinging | Batting: LHB Gonzalo Benítez | 0-0: Called Strike 0-1: Foul Ball, location: 2F 0-2: Ball 1-2: Strikes out looking | Top of the 9th over - 0 runs, 0 hits, 0 errors, 0 left on base; Santa Monica 7 - Mexico City 3 | BOTTOM OF THE 9TH |
---|
Mexico City Cerveceros batting - Pitching for Santa Monica Bruins : RHP Mario Chávez | Batting: RHB Robinson Pacheco | 0-0: Called Strike 0-1: Ball 1-1: Swinging Strike 1-2: Foul Ball, location: 2F 1-2: Strikes out looking | Batting: LHB Juan García | 0-0: Foul Ball, location: 2F 0-1: Swinging Strike 0-2: Foul Ball, location: 2F 0-2: Strikes out swinging | Batting: LHB Gary Kern | 0-0: Fly out, F4 (Line Drive, 4) | Bottom of the 9th over - 0 runs, 0 hits, 0 errors, 0 left on base; Santa Monica 7 - Mexico City 3 | |